 Dungeon Crawl Stone Soup version 0.25-a0-561-g0977b4d109 (webtiles) character file.

Game seed: 6994244222563531400, levelgen mode: deterministic

21585 toffzen the Brawler (level 12, 126/126 HPs)
             Began as a Troll Fighter on Feb 22, 2020.
             Was a High Priest of Elyvilon.
             Quit the game on level 5 of the Lair of Beasts on Feb 25, 2020.
             The game lasted 00:36:13 (13279 turns).

toffzen the Brawler (Troll Fighter)                Turns: 13279, Time: 00:36:14

Health: 126/126    AC:  7    Str: 30    XL:     12   Next: 55%
Magic:  20/20      EV:  8    Int:  4    God:    Elyvilon [*****.]
Gold:   1012       SH: 18    Dex: 10    Spells: 11/11 levels left

rFire    . . .     SeeInvis .     - Unarmed
rCold    . . .     Gourm    +   o - +0 tower shield
rNeg     . . .     Faith    .   a - +0 robe
rPois    .         Spirit   .   (helmet restricted)
rElec    .         Reflect  .   K - +0 cloak
rCorr    .         Harm     .   (gloves unavailable)
MR       .....                  (boots unavailable)
Stlth    +.........             M - amulet of rage
HPRegen  0.71/turn              G - ring of magical power
MPRegen  0.17/turn              (no ring)

@: no status effects
A: large, unfitting armour, claws 3, fast metabolism 3, gourmand, regeneration
1, shaggy fur 1, tough skin 3
a: Lesser Healing, Heal Other, Purification, Greater Healing, Divine Vigour,
Divine Protection, Renounce Religion, Evoke Berserk Rage


You were on level 5 of the Lair of Beasts.
You worshipped Elyvilon.
Elyvilon was extremely pleased with you.
You were full.

You visited 3 branches of the dungeon, and saw 16 of its levels.

You collected 1012 gold pieces.

Inventory:

Hand Weapons
 u - a +1 whip of freezing
Missiles
 f - 377 stones (quivered)
 p - 31 poisoned darts
 q - 10 boomerangs
 s - 4 curare-tipped darts
 t - 96 sling bullets
Armour
 a - a +0 robe (worn)
 o - a +0 tower shield (worn)
 K - a +0 cloak (worn)
Jewellery
 G - a ring of magical power (left claw)
 I - an uncursed ring of ice
 M - an amulet of rage (around neck)
Wands
 v - a wand of paralysis (2)
 w - a wand of enslavement (8)
 x - a wand of disintegration (9)
 y - a wand of digging (10)
 D - a wand of flame (9)
 J - a wand of polymorph (8)
Scrolls
 b - 3 scrolls of identify
 c - a scroll of summoning
 e - 6 scrolls of enchant armour
 h - 2 scrolls of fog
 j - 5 scrolls of teleportation
 m - 3 scrolls of enchant weapon
 r - 4 scrolls of magic mapping
 A - a scroll of remove curse
 C - a scroll of blinking
Potions
 g - a potion of mutation
 i - 3 potions of brilliance
 k - 7 potions of curing
 l - a potion of ambrosia
 n - 3 potions of stabbing
 z - 2 potions of haste
 B - 3 potions of lignification
 E - a potion of cancellation
 F - a potion of flight
 H - a potion of invisibility
Comestibles
 d - 28 rations


   Skills:
 + Level 9.8 Fighting
 - Level 2.4 Dodging
 + Level 7.8 Shields
 * Level 15.1 Unarmed Combat


You had 11 spell levels left.
You didn't know any spells.
Your spell library contained the following spells:

 Spells                   Type           Power        Failure   Level  Hunger
 Confusing Touch          Hex            #.......     100%        3    ####...
 Gell's Gravitas          Tloc           #.........   100%        3    ####...
 Petrify                  Tmut/Erth      #.......     100%        4    #####..
 Metabolic Englaciation   Hex/Ice        #.........   100%        5    ######.
 Yara's Violent Unravell  Hex/Tmut       #.........   100%        5    ######.


Dungeon Overview and Level Annotations

Branches:
Dungeon (10/15)            Temple (1/1) D:4            Lair (5/6) D:9
  Swamp (0/4) Lair:2        Slime (0/5) Lair:5          Orc (0/2) D:10
  Snake: Lair:2-4    Spider: Lair:2-4

Altars:
Ashenzari
Cheibriados
Dithmenos
Elyvilon
Fedhas
Gozag
Hepliaklqana
Kikubaaqudgha
Makhleb
Nemelex Xobeh
Okawaru
Qazlal
Ru
Sif Muna
Trog
Uskayaw
Vehumet
Wu Jian
Xom
Yredelemnul
Zin
The Shining One
Beogh

Annotations:
D:5 1 runed translucent door, Crazy Yiuf
D:8 2 transporters, p0werm0de's ghost, novice DDFi
D:10 3 runed translucent doors, vurker's ghost, journeyman TeAE
Lair:5 exclusion: 4 oklob plants


Innate Abilities, Weirdness & Mutations

You are too large for most types of armour.
You have claws for hands.
Your metabolism is lightning-fast.
You like to eat raw meat.
Your natural rate of healing is unusually fast.
You are covered in fur. (AC +1)
You have extremely tough skin. (AC +3)


Message History

The oklob plant spits acid at you. The splash of acid hits you!
The acid corrodes you!
You are splashed with acid!
You start resting.
You are no longer corroded.
You start resting.
HP restored.
Partly explored, can't reach some places.
Save game and exit?
Level annotation: exclusion: 4 oklob plants Welcome back, toffzen the Troll Fighter.
Elyvilon says: Go forth and aid the weak!
Press ? for a list of commands and other information.
There is an open door here.
Evoke which item? (* to show all) (? for menu, Esc to quit)
Aiming: Dig
Press: ? - help, Shift-Dir - straight line A rock wall.
The rock shatters into small pieces.
Really walk into a travel-excluded area?
Are you sure you want to abandon this character and quit the game? (Confirm with "yes".)

#####.#..##...#.######....####
#.#..#...........##...#......#
.....P............#P.........#
.<......................P....#
...........)......#....#...[##
....#...............#.......##
....#..................##'...#
##'##............'.####.#..###
....#...........@### ###..###
.####....P...####.## #....#
.## ####....## ##.######...P#
..# ##...#### ##.#..##...##
..## ##..#....# ##.....#?.#*
...# ##.......###*##P........#
..P###..........#............#
..##.........................#
......P.......P##...P.......##


There were no monsters in sight!

Vanquished Creatures
  A hydra (Lair:5)
  A two-headed ogre (D:8)
  6 death yaks (Lair:5)
  A fire crab (Lair:5)
  An unseen horror (D:10)
  3 orc knights
  Pikel (D:7)
  A black mamba (Lair:5)
  3 spiny frogs
  A torpor snail (Lair:5)
  A rime drake (Lair:4)
  2 komodo dragons
  A troll (D:10)
  3 hippogriffs
  4 blink frogs
  A spriggan (Lair:2)
  A wyvern (Lair:4)
  17 yaks
  Eustachio (D:5)
  A soldier ant (D:10)
  3 water moccasins
  7 porcupines
  9 orc warriors
  4 sky beasts
  A swamp drake (D:10)
  2 ice beasts
  3 slaves (D:7)
  3 wolves (Lair:2)
  3 ogres
  6 centaurs
  7 crocodiles
  Blork the orc (D:5)
  2 big kobolds
  9 bullfrogs
  12 killer bees
  3 howler monkeys
  4 crimson imps
  A quasit (D:9)
  5 jellies
  5 hounds
  14 orc wizards
  5 orc priests
  3 iguanas
  Ijyb (D:5)
  9 worker ants
  A hound skeleton (D:10)
  10 gnolls
  A worker ant zombie (D:8)
  5 adders
  3 shadow imps
  5 oozes (D:8)
  An adder zombie (D:6)
  An adder skeleton (D:6)
  3 worms
  7 dart slugs
  7 leopard geckos
  35 orcs
  3 bats
  5 giant cockroaches
  7 goblins
  4 hobgoblins
  10 jackals
  A quokka (D:4)
  2 ball pythons
  6 frilled lizards
  15 kobolds
  7 rats
312 creatures vanquished.

Vanquished Creatures (others)
  8 fungi
  5 plants
  3 toadstools (D:1)
16 creatures vanquished.

Grand Total: 328 creatures vanquished

Notes
Turn   | Place    | Note
-------+----------+-------------------------------------------
     0 | D:1      | toffzen the Troll Fighter began the quest for the Orb.
     0 | D:1      | Reached XP level 1. HP: 22/22 MP: 0/0
    91 | D:1      | Reached XP level 2. HP: 27/29 MP: 1/1
   311 | D:1      | Reached skill level 3 in Unarmed Combat
   357 | D:1      | Reached XP level 3. HP: 36/36 MP: 2/2
  1123 | D:2      | Reached XP level 4. HP: 44/45 MP: 3/3
  1130 | D:2      | Reached skill level 4 in Unarmed Combat
  1662 | D:3      | Reached XP level 5. HP: 53/53 MP: 4/4
  2470 | D:4      | Found a staircase to the Ecumenical Temple.
  2475 | Temple   | Entered the Ecumenical Temple
  2633 | Temple   | Became a worshipper of Elyvilon the Healer
  2849 | D:4      | Reached skill level 5 in Unarmed Combat
  2932 | D:5      | Entered Level 5 of the Dungeon
  2986 | D:5      | Found a runed translucent door.
  2987 | D:5      | Noticed Crazy Yiuf
  3014 | D:5      | Noticed a centaur
  3064 | D:5      | Killed a centaur
  3064 | D:5      | Reached XP level 6. HP: 40/62 MP: 5/5
  3203 | D:5      | Noticed a sky beast
  3216 | D:5      | Killed a sky beast
  3216 | D:5      | Reached skill level 6 in Unarmed Combat
  3295 | D:5      | Reached XP level 7. HP: 70/70 MP: 6/6
  3377 | D:5      | Reached * piety under Elyvilon
  3414 | D:5      | Noticed Blork the orc
  3414 | D:5      | Noticed Eustachio
  3448 | D:5      | Reached skill level 7 in Unarmed Combat
  3524 | D:5      | You fall into a shaft and drop 1 floor!
  3773 | D:5      | Noticed Ijyb
  3783 | D:5      | Killed Ijyb
  3943 | D:5      | Killed Blork the orc
  3991 | D:5      | Reached skill level 5 in Fighting
  4013 | D:5      | Killed Eustachio
  4013 | D:5      | Reached skill level 8 in Unarmed Combat
  4013 | D:5      | Reached XP level 8. HP: 80/80 MP: 7/7
  4939 | D:7      | Reached skill level 9 in Unarmed Combat
  5040 | D:7      | Reached ** piety under Elyvilon
  5223 | D:7      | Noticed Pikel
  5240 | D:7      | Killed Pikel
  5240 | D:7      | Reached skill level 10 in Unarmed Combat
  5240 | D:7      | Reached XP level 9. HP: 67/91 MP: 8/8
  5487 | D:8      | Found a transporter.
  5913 | D:8      | Reached *** piety under Elyvilon
  5925 | D:8      | Found a hazy altar of Hepliaklqana.
  5953 | D:8      | Noticed a two-headed ogre
  5959 | D:8      | Killed a two-headed ogre
  5959 | D:8      | Reached skill level 11 in Unarmed Combat
  6080 | D:8      | Found a transporter.
  6083 | D:8      | Noticed p0werm0de's ghost (novice DDFi)
  6095 | D:8      | Reached XP level 10. HP: 100/102 MP: 9/9
  6329 | D:8      | Noticed a two-headed ogre
  6810 | D:9      | Found a glowing silver altar of Zin.
  7163 | D:9      | Found a staircase to the Lair.
  7254 | D:9      | Reached skill level 12 in Unarmed Combat
  7560 | D:9      | Reached skill level 5 in Shields
  7600 | D:9      | Reached **** piety under Elyvilon
  7895 | D:10     | Entered Level 10 of the Dungeon
  8207 | D:10     | Found a runed translucent gate.
  8207 | D:10     | Found a runed translucent gate.
  8214 | D:10     | Found a runed translucent gate.
  8215 | D:10     | Noticed vurker's ghost (journeyman TeAE)
  8816 | D:10     | Found a runed translucent door.
  8940 | D:10     | Killed an unseen horror
  8940 | D:10     | Reached XP level 11. HP: 65/111 MP: 10/10
  9025 | D:10     | Found a staircase to the Orcish Mines.
  9287 | D:10     | Noticed an orc knight
  9315 | D:10     | Killed an orc knight
  9315 | D:10     | Reached skill level 13 in Unarmed Combat
  9373 | D:10     | Noticed an orc knight
  9411 | D:9      | Killed an orc knight
  9502 | D:10     | Noticed an orc knight
  9633 | D:10     | Killed an orc knight
  9708 | D:10     | Found a roughly hewn altar of Beogh.
  9774 | Lair:1   | Entered Level 1 of the Lair of Beasts
  9880 | Lair:1   | Reached ***** piety under Elyvilon
 10596 | Lair:2   | Noticed a seven-headed hydra
 10726 | Lair:2   | Found a staircase to the Swamp.
 10726 | Lair:2   | Noticed a swamp dragon
 10817 | Lair:2   | Noticed a catoblepas
 11169 | Lair:4   | Found a white marble altar of Elyvilon.
 11554 | Lair:5   | Found a staircase to the Slime Pits.
 11554 | Lair:5   | Noticed an oklob plant
 11555 | Lair:5   | Noticed an oklob plant
 11573 | Lair:5   | Noticed an oklob plant
 11573 | Lair:5   | Noticed an oklob plant
 11705 | Lair:5   | Reached skill level 14 in Unarmed Combat
 12031 | Lair:5   | Noticed a death yak
 12050 | Lair:5   | Killed a death yak
 12050 | Lair:5   | Reached XP level 12. HP: 71/123 MP: 11/11
 12320 | Lair:5   | Noticed a death yak
 12320 | Lair:5   | Noticed a death yak
 12322 | Lair:5   | Noticed a death yak
 12338 | Lair:5   | Noticed a death yak
 12341 | Lair:5   | Killed a death yak
 12344 | Lair:5   | Killed a death yak
 12344 | Lair:5   | Noticed a death yak
 12348 | Lair:5   | Killed a death yak
 12356 | Lair:5   | Killed a death yak
 12367 | Lair:5   | Killed a death yak
 12389 | Lair:5   | Reached skill level 15 in Unarmed Combat
 12594 | Lair:5   | Noticed a six-headed hydra
 12609 | Lair:5   | Killed a six-headed hydra
 13255 | Lair:5   | Upgraded the game from 0.25-a0-547-g27a0b5d1ef to
                  | 0.25-a0-561-g0977b4d109
 13279 | Lair:5   | Quit the game

Levels and vault maps discovered:
D:1:      dpeg_arrival_more_subterranean_lakeside_camping, layout_basic,
          serial_bayou_ford_a, minmay_misc_feat_cross, minmay_gold_behind_fungi
D:2:      layout_loops_ring, kennysheep_generic_room_10
D:3:      layout_basic
D:4:      layout_cave_pools, temple_doors_ab, first_ration
D:5:      layout_loops_ring, sword_in_stone, uniq_crazy_yiuf_cottage, uniq_ijyb
D:6:      layout_basic
D:7:      layout_basic, uniq_pikel
D:8:      layout_loops_ring, kennysheep_little_box, gammafunk_ghost_stat_death,
          hangedman_little_slice_of_home
D:9:      layout_basic, dpeg_oklobed_lair, basic_altar,
          minmay_fractal_squares_gapless_7
D:10:     layout_small_grid, erik_orc_1, gammafunk_ghost_spectres,
          lightli_church_of_beogh
Temple:   minmay_crystal_snake_temple
Lair:1:   layout_chaotic_city
Lair:2:   kb_forest_paths, layout_gridlike, minmay_swamp_entry_reptiles,
          spider_nest_entry_webs, hangedman_lair_generics_rect, uniq_gastronok
Lair:3:   layout_gridlike, gammafunk_lair_bear_cave
Lair:4:   dragon1_lemuel, layout_hall_layers, basic_altar, grunt_megastairs_4
Lair:5:   layout_roguey, minmay_slime_entry_oklob_open

Skill      XL: |  1  2  3  4  5  6  7  8  9 10 11 12 |
---------------+-------------------------------------+-----
Unarmed Combat | 3 4 5 6 8 10 11 12 14 15 | 15.1
Fighting       | 3 4 5 6 7 8 9 |  9.8
Shields        | 4 5 7 |  7.8
Dodging        | |  2.4

Action                   |  1- 3 |  4- 6 |  7- 9 | 10-12 || total
-------------------------+-------+-------+-------+-------++-------
Melee: Unarmed           |    85 |   151 |   296 |   541 ||  1073
       Whip              |       |       |       |    10 ||    10
Evoke: Wand              |       |       |     6 |    13 ||    19
  Use: Scroll            |     1 |     8 |    13 |    11 ||    33
       Potion            |       |       |     1 |     3 ||     4
  Eat: Chunk             |    16 |    16 |    29 |    63 ||   124
Armor: Robe              |    24 |    32 |    62 |    55 ||   173
Dodge: Dodged            |    24 |    29 |    41 |    78 ||   172
Block: Kite shield       |    31 |    20 |       |       ||    51
       Tower shield      |       |    68 |   183 |   351 ||   602

Table legend:
 A = Non-vault XP
 B = Vault XP
 C = Vault XP percentage of total XP
 D = Non-vault monster count
 E = Vault monster count
 F = Vault count percentage of total count
                 A         B        C        D         E       F
            +---------+---------+-------+---------+---------+-------
      Total |   24609 |    6227 |  20.2 |     248 |      61 |  19.7
            +---------+---------+-------+---------+---------+-------
        D:1 |      54 |       0 |   0.0 |      28 |       0 |   0.0
        D:2 |     123 |       1 |   0.8 |      19 |       1 |   5.0
        D:3 |      33 |       0 |   0.0 |      15 |       0 |   0.0
        D:4 |     115 |       0 |   0.0 |       9 |       0 |   0.0
        D:5 |     470 |     725 |  60.7 |      13 |       6 |  31.6
        D:6 |     294 |       0 |   0.0 |       9 |       0 |   0.0
        D:7 |    1143 |     586 |  33.9 |      32 |       1 |   3.0
        D:8 |    2600 |     161 |   5.8 |      37 |       8 |  17.8
        D:9 |    1894 |    1475 |  43.8 |      18 |      12 |  40.0
       D:10 |    2223 |    1948 |  46.7 |      15 |      26 |  63.4
     Lair:1 |     270 |       0 |   0.0 |       1 |       0 |   0.0
     Lair:2 |    1133 |     542 |  32.4 |       9 |       5 |  35.7
     Lair:3 |     143 |       0 |   0.0 |       1 |       0 |   0.0
     Lair:4 |    1391 |     789 |  36.2 |       8 |       2 |  20.0
     Lair:5 |   12723 |       0 |   0.0 |      34 |       0 |   0.0
            +---------+---------+-------+---------+---------+-------
